 Dungeon Crawl Stone Soup version 0.27.1-3-gb3d3a73c9e (webtiles) character file.

Game seed: 4286647152869698094

119 Gabide the Cudgeller (level 4, 0/31 HPs)
             Began as a Demonspawn Chaos Knight on Oct 22, 2021.
             Was a Plaything of Xom.
             Succumbed to Crazy Yiuf's poison
             ... on level 3 of the Dungeon.
             The game lasted 00:06:50 (2797 turns).

Gabide the Cudgeller (Demonspawn Chaos Knight)      Turns: 2797, Time: 00:06:50

Health: 0/31       AC:  6    Str: 14    XL:     4   Next: 73%
Magic:  4/4        EV: 11    Int: 13    God:    Xom [..*...]
Gold:   104        SH:  0    Dex: 12    Spells: 3/3 levels left

rFire    . . .     SeeInvis .   a - +0 mace (chaos)
rCold    . . .     Faith    .   (no shield)
rNeg     . . .     Spirit   .   b - +3 leather armour
rPois    .         Reflect  .   (helmet restricted)
rElec    .         Harm     .   (no cloak)
rCorr    .         Rampage  .   (no gloves)
Will     .....                  (no boots)
Stlth    +.........             (no amulet)
HPRegen  0.10/turn              (no ring)
MPRegen  0.09/turn              (no ring)

@: lethally poisoned (0 -> -3)
A: horns 2, frail 1
a: Renounce Religion


You were on level 3 of the Dungeon.
You worshipped Xom.
You were a toy of Xom.
You visited 1 branch of the dungeon, and saw 3 of its levels.

You collected 104 gold pieces.

Inventory:

Hand Weapons
 a - a +0 mace of chaos (weapon)
 i - a +2 falchion of freezing
Missiles
 c - a throwing net (quivered)
 g - 2 javelins
Armour
 b - a +3 leather armour (worn)
Magical Staves
 e - a staff of death
Scrolls
 h - a scroll of amnesia


   Skills:
 * Level 3.3 Fighting
 * Level 4.2 Maces & Flails
 + Level 2.2 Armour
 * Level 1.6 Dodging
 + Level 0.4 Stealth


You had 3 spell levels left.
You didn't know any spells.
Your spell library contained the following spells:

 Spells                   Type           Power      Damage    Failure   Level
 Passwall                 Tmut/Erth      0%         N/A       50%         2
 Sublimation of Blood     Necr           0%         N/A       50%         2
 Swiftness                Air            0%         N/A       75%         3
 Petrify                  Tmut/Erth      0%         N/A       98%         4
 Irradiate                Conj/Tmut      0%         3d13      100%        5
 Invisibility             Hex            0%         N/A       100%        6


Dungeon Overview and Level Annotations

Branches:
Dungeon (3/15)

Altars:
Elyvilon
Hepliaklqana
Kikubaaqudgha
Okawaru
Sif Muna

Annotations:
D:3 Crazy Yiuf


Innate Abilities, Weirdness & Mutations

You have a pair of horns on your head.
You are frail. (-10% HP)


Message History

Xom is highly amused!
Your headbutt misses Crazy Yiuf.
Crazy Yiuf is moderately wounded.
You feel very sick. Crazy Yiuf closely misses you.
You swap places.
* * * LOW HITPOINT WARNING * * *
You feel very sick.
Crazy Yiuf rages.
Crazy Yiuf completely misses your butterfly.
Crazy Yiuf rages.
Crazy Yiuf closely misses your butterfly.
You aren't carrying any potions.
As you read the scroll labelled ECVOFU TOKIET, it crumbles to dust.
It is a scroll of enchant armour.
Your +2 leather armour glows green for a moment.
* * * LOW HITPOINT WARNING * * *
You feel sick.
Crazy Yiuf rages.
Crazy Yiuf completely misses your butterfly.
As you read the scroll labelled BAGEAF CENN, it crumbles to dust.
It is a scroll of identify.
h - a scroll of amnesia
* * * LOW HITPOINT WARNING * * *
You feel sick.
Crazy Yiuf barely misses your butterfly.
Crazy Yiuf completely misses your butterfly.
* * * LOW HITPOINT WARNING * * *
You feel sick.
Crazy Yiuf barely misses your butterfly.
* * * LOW HITPOINT WARNING * * *
You feel sick.
Crazy Yiuf hits your butterfly with a +4 quarterstaff of chaos!
Your butterfly dies!
You see here a +0 mace.
* * * LOW HITPOINT WARNING * * *
You feel sick.
Okay, then.
You die...
Xom guffaws!

#......#........#.#.##
##.######.##.##.....#
#)# #.... ...####
##.### .........#
####....# #########
#.......#
#.##.#..##♣♣♣♣♣ #
#.#.##..)♣)♣♣♣ ###
..#.....@.♣..♣#...#
............♣♣♣♣gb)..#
..#.##..#..♣♣ ♣♣#b.)#
.......##♣♣ ### .
#.##..# # #..# #..#
..^#


There were no monsters in sight!

Vanquished Creatures
  5 adders
  A worm (D:2)
  2 dart slugs (D:1)
  5 orcs (D:3)
  7 ball pythons
  4 endoplasms
  5 giant cockroaches
  5 goblins
  5 hobgoblins
  A quokka (D:1)
  2 bats
  3 frilled lizards
  10 kobolds
  5 rats
60 creatures vanquished.

Vanquished Creatures (others)
  A quokka (D:3)
1 creature vanquished.

Grand Total: 61 creatures vanquished

Notes
Turn   | Place    | Note
-------+----------+-------------------------------------------
     0 | D:1      | Gabide the Demonspawn Chaos Knight began the quest for the
                  | Orb.
     0 | D:1      | Reached XP level 1. HP: 18/18 MP: 1/1
   130 | D:1      | XOM: silly message
   169 | D:1      | You fall into a shaft and drop 1 floor!
   257 | D:2      | Reached skill level 3 in Maces & Flails
   319 | D:1      | Gained mutation: You have a pair of small horns on your
                  | head. [demonic ancestry]
   319 | D:1      | Reached XP level 2. HP: 24/24 MP: 2/2
   420 | D:1      | XOM: noise
   534 | D:1      | XOM: noise
   705 | D:1      | XOM: silly message
   866 | D:1      | Reached skill level 1 in Dodging
   901 | D:1      | Found a faded altar of an unknown god.
  1198 | D:1      | Gained mutation: You have a pair of horns on your head.
                  | [demonic ancestry]
  1198 | D:1      | Reached XP level 3. HP: 28/29 MP: 3/3
  1713 | D:2      | Reached skill level 4 in Maces & Flails
  1713 | D:2      | Reached XP level 4. HP: 9/35 MP: 4/4
  1816 | D:2      | XOM: give mutation
  1816 | D:2      | Gained mutation: You are frail. (-10% HP) [Xom's mischief]
  2085 | D:3      | XOM: noise
  2096 | D:3      | XOM: swap monsters
  2296 | D:3      | Found a hazy altar of Hepliaklqana.
  2296 | D:3      | Found a shimmering blue altar of Sif Muna.
  2478 | D:3      | Found an ancient bone altar of Kikubaaqudgha.
  2652 | D:3      | Found an iron altar of Okawaru.
  2784 | D:3      | Found a runed translucent door.
  2785 | D:3      | Noticed Crazy Yiuf
  2789 | D:3      | XOM: butterfly on damage
  2796 | D:3      | HP: 1/31 [poisoned by Crazy Yiuf]
  2797 | D:3      | Succumbed to Crazy Yiuf's poison

Illustrated notes

Levels and vault maps discovered:
D:1:      matt_arrival_refuge, layout_basic,
          shapermc_ecumenical_altar_notcrosses, minivault_11,
          roderic_serpentine_path
D:2:      layout_rooms, minmay_tetromino_l4
D:3:      layout_loops_cross, okawaru_metal_pillars_1_2, lemuel_doored_altar,
          elyvilon_altar_4, gammafunk_temple_overflow_pools, chequers_avenue,
          uniq_crazy_yiuf_cottage

Skill      XL: |  1  2  3 |
---------------+----------+-----
Maces & Flails | 3 4 |  4.2
Dodging        | 1 |  1.6
Armour         | 2 |  2.2
Fighting       | |  3.3
Stealth        | |  0.4

Action                   |  1- 3 |  4- 6 || total
-------------------------+-------+-------++-------
Melee: Mace              |   106 |    52 ||   158
       Headbutt          |    12 |     8 ||    20
  Use: Scroll            |       |     2 ||     2
       Potion            |       |     1 ||     1
 Stab: Paralysed         |     1 |       ||     1
       Confused          |       |     1 ||     1
Armor: Leather armour    |    35 |    15 ||    50
Dodge: Dodged            |    72 |    32 ||   104
